 Dungeon Crawl Stone Soup version 0.29.0-11-gd7f09526c8 (webtiles) character file.

Game seed: 12102938504144322596

149 sentinel the Stinger (level 5, -2/38 HPs)
             Began as a Meteoran Venom Mage on Sept 4, 2022.
             Slain by an ice beast (8 damage)
             ... on level 5 of the Dungeon.
             The game lasted 00:03:27 (593 turns).

sentinel the Stinger (Meteoran Venom Mage)           Turns: 593, Time: 00:03:28

Health: -2/38      AC:  2    Str:  9    XL:     5   Next: 89%
Magic:  4/10       EV: 12    Int: 18    God:
Gold:   0          SH:  0    Dex: 15    Spells: 6/11 levels left

rFire   . . .      SeeInvis .   (no weapon)
rCold   . . .      Faith    .   (no shield)
rNeg    . . .      Spirit   .   a - +0 robe
rPois   +          Reflect  .   (no helmet)
rElec   .          Harm     .   (no cloak)
rCorr   .          Rampage  .   (no gloves)
Will    +....                   (no boots)
Stlth   +.........              (no amulet)
HPRegen 0.12/turn               (no ring)
MPRegen 0.12/turn               (no ring)

@: glowing
A: sense surroundings 1, otherworldly, glowing, explore regen, low MP 1,
strong-willed 1, poison resistance
a: no special abilities


You were on level 5 of the Dungeon.
You visited 1 branch of the dungeon, and saw 6 of its levels.

Inventory:

Armour
 a - a +0 robe (worn)
Potions
 b - a potion of magic
 M - a potion of mutation


   Skills:
 - Level 2.4 Dodging
 - Level 1.4 Stealth
 + Level 3.7 Spellcasting
 - Level 1.2 Transmutations
 * Level 6.5 Poison Magic


You had 6 spell levels left.
You knew the following spells:

 Your Spells              Type           Power      Damage    Failure   Level
a - Sting                 Tmut/Pois      68%        1d6       3%          1
t - Olgreb's Toxic Radia  Pois           26%        N/A       11%         4

Your spell library contained the following spells:

 Spells                   Type           Power      Damage    Failure   Level
 Poisonous Vapours        Pois/Air       30%        N/A       6%          2
 Mephitic Cloud           Conj/Pois/Air  11%        N/A       19%         3
 Fulminant Prism          Conj/Hex       1%         3d6       83%         4
 Iskenderun's Mystic Bla  Conj/Tloc      3%         2d3       83%         4
 Lee's Rapid Deconstruct  Erth           1%         3d5*      99%         5


Dungeon Overview and Level Annotations

Branches:
Dungeon (6/15) Zot: 3006
 Temple: D:4-7

Altars:
Qazlal


Innate Abilities, Weirdness & Mutations

You passively map a small area around you.
You are easily found by Zot.
You glow in the dark.
You regain HP and MP as you explore.
Your magical capacity is low. (-10% MP)
You are strong-willed. (Will+)
Your system is resistant to poisons. (rPois)


Message History

There is an escape hatch in the floor here.
There is an escape hatch in the floor here.
You slide downwards.
The hatch slams shut behind you.
Found 13 gold pieces.
You can't see any susceptible monsters within range! (Use Z to cast anyway.)
The sting hits the scorpion.
The scorpion is poisoned.
The scorpion is moderately wounded.
The sting hits the scorpion.
The scorpion looks even sicker.
The scorpion is moderately wounded.
The sting hits the scorpion.
The scorpion looks even sicker.
The scorpion is severely wounded.
The scorpion misses you.
The sting hits the scorpion but does no damage.
The scorpion looks as sick as possible!
The scorpion is severely wounded.
You kill the scorpion!
Your Poison Magic skill increases to level 6!
You have reached level 5!
Found a whip.
An ufetubus comes into view.
The sting hits the ufetubus.
The ufetubus is poisoned.
The ufetubus is heavily wounded.
The ufetubus closely misses you. The ufetubus hits you.
The ufetubus closely misses you. The ufetubus hits you.
The sting hits the ufetubus but does no damage.
The ufetubus looks even sicker.
The ufetubus is heavily wounded.
The ufetubus barely misses you. x2
The ufetubus barely misses you. The ufetubus hits you. x3
The ufetubus hits you. x2
The ufetubus closely misses you. The ufetubus barely misses you.
The ufetubus attacks as you move away!
The ufetubus hits you but does no damage.
The ufetubus hits you.
You kill the ufetubus!
You can't see any susceptible monsters within range! (Use Z to cast anyway.)
Found a stone staircase leading down.
There is a stone staircase leading down here.
You climb downwards.
HP restored.
There is a stone staircase leading up here.
An adder comes into view.
The adder hisses angrily.
You hear a shout!
The adder bites you.
You are poisoned.
The adder poisons you!
A troll comes into view.
Casting: Sting (safe; 3% risk of failure)
Confirm with . or Enter, or press ? or * to list all spells.
You begin to radiate toxic energy.
The troll is poisoned.
The adder is poisoned.
You feel sick. The adder bites you but does no damage.
The adder looks even sicker.
Your toxic aura wanes.
You feel sick. The adder attacks as you move away! The adder misses you.
You feel sick. The adder bites you. The adder attacks as you move away!
The adder bites you.
You feel sick.
You feel sick.
You feel sick. The adder closely misses you.
The adder attacks as you move away! The adder barely misses you.
You feel sick.
You are no longer poisoned.
You aren't carrying any scrolls.
Unknown command.
Okay, then.
Okay, then.
You aren't carrying any items that you can evoke.
Unknown command.
Unknown command.
The adder attacks as you move away! The adder closely misses you.
The adder bites you.
You are poisoned.
The adder poisons you!
You feel sick. The adder attacks as you move away! The adder bites you.
You feel sick.
You kill the adder!
You feel sick.
You feel sick.
You feel sick.
You feel sick.
You are no longer poisoned.
There is a stone staircase leading up here.
You climb upwards.
There is a stone staircase leading down here.
An ice beast comes into view.
An ice beast is nearby!
It was a potion of mutation.
You feel extremely strange.
You feel less energetic.
You feel resistant to poisons.
You feel strong-willed.
M - a potion of mutation The ice beast hits you but does no damage.
It was a potion of curing.
You feel better. The ice beast completely misses you.
The sting hits the ice beast.
The ice beast partially resists.
The ice beast is poisoned.
The ice beast is lightly wounded.
The ice beast hits you. The ice beast freezes you!
The sting misses the ice beast.
The ice beast hits you. The ice beast freezes you!
* * * LOW HITPOINT WARNING * * *
Okay, then.
You aren't carrying any scrolls.
Unknown command.
You are too injured to fight recklessly!
You are too injured to fight recklessly!
You are too injured to fight recklessly!
Casting: Sting (safe; 3% risk of failure)
Confirm with . or Enter, or press ? or * to list all spells.
Aiming: Sting (safe; 3% risk of failure)
Press: ? - help, Shift-Dir - straight line, f/p - ice beast
Aim: an ice beast (lightly wounded, poisoned, 74% to hit)
The sting hits the ice beast.
The ice beast looks even sicker.
The ice beast is lightly wounded.
The ice beast closely misses you.
Casting: Sting (safe; 3% risk of failure)
Confirm with . or Enter, or press ? or * to list all spells.
Aiming: Sting (safe; 3% risk of failure)
Press: ? - help, Shift-Dir - straight line, f/p - ice beast
Aim: an ice beast (lightly wounded, very poisoned, 74% to hit)
The sting hits the ice beast.
The ice beast partially resists.
The ice beast looks even sicker.
The ice beast is moderately wounded.
The ice beast barely misses you.
Casting: Sting (safe; 3% risk of failure)
Confirm with . or Enter, or press ? or * to list all spells.
Aiming: Sting (safe; 3% risk of failure)
Press: ? - help, Shift-Dir - straight line, f/p - ice beast
Aim: an ice beast (moderately wounded, very poisoned, 74% to hit)
The sting hits the ice beast.
The ice beast looks as sick as possible!
The ice beast is moderately wounded.
The ice beast closely misses you.
Casting: Sting (safe; 3% risk of failure)
Confirm with . or Enter, or press ? or * to list all spells.
Aiming: Sting (safe; 3% risk of failure)
Press: ? - help, Shift-Dir - straight line, f/p - ice beast
Aim: an ice beast (heavily wounded, extremely poisoned, 74% to hit)
The sting hits the ice beast but does no damage.
The ice beast looks as sick as possible!
The ice beast is heavily wounded.
The ice beast completely misses you.
Casting: Sting (safe; 3% risk of failure)
Confirm with . or Enter, or press ? or * to list all spells.
Aiming: Sting (safe; 3% risk of failure)
Press: ? - help, Shift-Dir - straight line, f/p - ice beast
Aim: an ice beast (heavily wounded, extremely poisoned, 74% to hit)
The sting hits the ice beast but does no damage.
The ice beast looks as sick as possible!
The ice beast is heavily wounded.
The ice beast hits you.
* * * LOW HITPOINT WARNING * * *
The ice beast freezes you!
You die...

#. #.#.#......... ,
*#.####...#.........
*
,*#.#....######......
, #.#.##.# #...... *,
, #...##.###* #######
#. ,*#.>.......* , ,
#...##..#.####., , #.
........#... , * #.
#######@######.. #.
#.Y....... #.
########.# * #. ... ,
, ..# * * , * * ,, ,
, *, * ,, , ,


You could see an ice beast (extremely poisoned).

Vanquished Creatures
  A scorpion (D:5)
  A hound (D:4)
  An adder (D:6)
  An ufetubus (D:5)
  3 worms
  3 dart slugs (D:1)
  An endoplasm (D:1)
  2 giant cockroaches
  5 goblins
  2 hobgoblins
  4 jackals (D:2)
  A quokka (D:2)
  2 bats
  A frilled lizard (D:1)
  A rat (D:1)
29 creatures vanquished.

Notes
Turn   | Place    | Note
-------+----------+-------------------------------------------
     0 | D:1      | sentinel the Meteoran Venom Mage began the quest for the
                  | Orb.
     0 | D:1      | Reached XP level 1. HP: 14/14 MP: 5/5
    77 | D:1      | Reached skill level 4 in Poison Magic
    81 | D:1      | Reached XP level 2. HP: 16/20 MP: 1/6
   196 | D:2      | Reached XP level 3. HP: 24/26 MP: 2/8
   240 | D:2      | Reached skill level 5 in Poison Magic
   294 | D:2      | Found a stormy altar of Qazlal.
   410 | D:3      | Reached XP level 4. HP: 33/33 MP: 0/9
   415 | D:3      | Learned a level 4 spell: Olgreb's Toxic Radiance
   468 | D:5      | Entered Level 5 of the Dungeon
   468 | D:5      | Noticed a scorpion
   477 | D:5      | Killed a scorpion
   478 | D:5      | Reached skill level 6 in Poison Magic
   478 | D:5      | Reached XP level 5. HP: 38/38 MP: 6/11
   540 | D:6      | Noticed a troll
   582 | D:5      | Noticed an ice beast
   584 | D:5      | Gained mutation: Your magical capacity is low. (-10% MP)
                  | [potion of mutation]
   584 | D:5      | Gained mutation: Your system is resistant to poisons.
                  | (rPois) [potion of mutation]
   584 | D:5      | Gained mutation: You are strong-willed. (Will+) [potion of
                  | mutation]
   593 | D:5      | Slain by an ice beast

Illustrated notes

Levels and vault maps discovered:
D:1:      nicolae_arrival_memento_mori, layout_loops_ring
D:2:      minmay_spotlight, layout_basic, basic_altar, grunt_decor_one_mirror
D:3:      minmay_roachtagon, layout_loops_ring, serial_shops, shop,
          chequers_ecumenical_altar_lobes, kennysheep_cross_bottleneck
D:4:      layout_basic, nicolae_hepliaklqana_hippocampus,
          kennysheep_generic_room_10
D:5:      layout_basic
D:6:      layout_basic, uniq_grinder, uniq_pikel

Skill      XL: |  1  2  3  4 |
---------------+-------------+-----
Poison Magic   | 4 5 6 |  6.5
Spellcasting   | 3 |  3.7
Dodging        | |  2.4
Stealth        | |  1.4
Transmutations | |  1.2

Action                   |  1- 3 |  4- 6 || total
-------------------------+-------+-------++-------
Melee: Unarmed           |     4 |       ||     4
 Cast: Sting             |    61 |    21 ||    82
       Olgreb's Toxic Ra |       |     1 ||     1
  Use: Scroll            |       |     3 ||     3
       Potion            |       |     2 ||     2
Armor: Robe              |    18 |     5 ||    23
Dodge: Dodged            |    35 |    19 ||    54
